 Dungeon Crawl Stone Soup version 0.27-a0-1140-g099f9bb0e8 (webtiles) character file.

Game seed: 7650346122515875727

151 leviel the Chopper (level 5, -3/46 HPs)
             Began as a Minotaur Fighter on May 8, 2021.
             Succumbed to robertstho's ghost's poison
             ... on level 3 of the Dungeon.
             The game lasted 00:02:58 (2971 turns).

leviel the Chopper (Minotaur Fighter)               Turns: 2971, Time: 00:02:58

Health: -3/46      AC: 12    Str: 21    XL:     5   Next: 11%
Magic:  4/4        EV: 11    Int:  7    God:
Gold:   116        SH:  9    Dex: 10    Spells: 4/4 levels left

rFire    . . .     SeeInvis .   a - +0 war axe
rCold    . . .     Faith    .   c - +0 kite shield
rNeg     . . .     Spirit   .   b - +0 scale mail
rPois    .         Reflect  .   (helmet restricted)
rElec    .         Harm     .   (no cloak)
rCorr    .         Rampage  .   k - +0 pair of gloves
Will     .....                  h - +1 pair of boots
Stlth    ..........             (no amulet)
HPRegen  0.15/turn              i - +4 ring of evasion
MPRegen  0.09/turn              (no ring)

@: mighty, lethally poisoned (-3 -> -29), very slightly contaminated, hasted,
invisible, very quick
A: horns 2, retaliatory headbutt, iridescent scales 1, clever 1
a: no special abilities


You were on level 3 of the Dungeon.
You visited 1 branch of the dungeon, and saw 3 of its levels.

You collected 116 gold pieces.

Inventory:

Hand Weapons
 a - a +0 war axe (weapon)
Missiles
 j - 6 atropa-tipped darts (quivered)
Armour
 b - a +0 scale mail (worn)
 c - a +0 kite shield (worn)
 h - a +1 pair of boots (worn)
 k - a +0 pair of gloves (worn)
Jewellery
 i - a +4 ring of evasion (left hand)
Wands
 m - a wand of flame (13)
Scrolls
 e - a scroll of fog {unknown}
 f - 2 scrolls of amnesia {unknown}
 o - a scroll of immolation {unknown}


   Skills:
 - Level 3.9 Fighting
 + Level 6.1 Axes
 - Level 3.7 Armour
 - Level 3.7 Shields


You had 4 spell levels left.
You didn't know any spells.
Your spell library contained the following spells:

 Spells                   Type           Power      Damage    Failure   Level
 Summon Small Mammal      Summ           0%         N/A       99%         1
 Call Imp                 Summ           0%         N/A       100%        2
 Call Canine Familiar     Summ           0%         N/A       100%        3
 Confusing Touch          Hex            0%         N/A       100%        3
 Gell's Gravitas          Tloc           0%         N/A       100%        3
 Summon Guardian Golem    Hex/Summ       0%         N/A       100%        3
 Petrify                  Tmut/Erth      0%         N/A       100%        4
 Summon Ice Beast         Ice/Summ       0%         N/A       100%        4
 Summon Lightning Spire   Summ/Air       0%         N/A       100%        4
 Metabolic Englaciation   Hex/Ice        0%         N/A       100%        5
 Yara's Violent Unravell  Hex/Tmut       0%         3d3       100%        5


Dungeon Overview and Level Annotations

Branches:
Dungeon (3/15)

Altars:


Innate Abilities, Weirdness & Mutations

You have a pair of horns on your head.
You reflexively headbutt those who attack you in melee.
You are partially covered in iridescent scales. (AC +2)
Your mind is acute. (Int +2)


Message History

Unknown command.
You feel very mighty all of a sudden.
* * * LOW HITPOINT WARNING * * *
You feel very sick.
Robertstho's ghost hits you but does no damage.
You are more poisoned.
It was a potion of haste.
You feel yourself speed up.
* * * LOW HITPOINT WARNING * * *
You feel very sick.
Robertstho's ghost hits you but does no damage.
You are more poisoned.
It was a potion of curing.
You feel better.
You closely miss robertstho's ghost.
Your headbutt misses robertstho's ghost.
Robertstho's ghost is lightly damaged.
You block robertstho's ghost's attack.
You miss robertstho's ghost.
Robertstho's ghost is lightly damaged.
Robertstho's ghost says, "Would you like to be cremated?"
Robertstho's ghost hits you but does no damage.
You are poisoned.
You completely miss robertstho's ghost.
Your headbutt misses robertstho's ghost.
Robertstho's ghost is lightly damaged.
You feel sick.
Robertstho's ghost screams, "I'll kill anyone who wants the ORB!"
Robertstho's ghost hits you.
* * * LOW HITPOINT WARNING * * *
You are lethally poisoned!
It was a potion of invisibility.
You fade into invisibility!
* * * LOW HITPOINT WARNING * * *
You feel sick. Robertstho's ghost hits you.
* * * LOW HITPOINT WARNING * * *
You are more poisoned.
You are very lightly contaminated with residual magic.
You strike the helpless robertstho's ghost from behind!
You slice robertstho's ghost!!
You destroy robertstho's ghost!
You die...

###### ### ###############
..$.[##.!$##.............# .#
##.....#############.# .#
#P.#.#.≈# #.# .# #⌠.#.#.⌠# #.# .#
#≈.#.#.≈# #.#
.#####.....#############.#
.....##'''##KKK.@........#
.###......KKK###########.########
.# #####.##### #........# .# #..#
#........# .# #.## #........#
.######.################........#
.................................
.#######################.........
.# ##..######


You could see a kobold brigand and 5 kobolds.

Vanquished Creatures
  A water moccasin zombie (D:2)
  The ghost of robertstho the Firebug, a weakling OpFE (D:3)
  6 adders
  2 orcs
  6 endoplasms
  4 giant cockroaches
  3 goblins
  2 hobgoblins
  2 jackals (D:2)
  7 kobolds
  2 quokkas (D:1)
  3 ball pythons
  5 bats
  A frilled lizard (D:1)
  2 rats (D:1)
47 creatures vanquished.

Vanquished Creatures (others)
  2 fungi (D:3)
2 creatures vanquished.

Grand Total: 49 creatures vanquished

Notes
Turn   | Place    | Note
-------+----------+-------------------------------------------
     0 | D:1      | leviel the Minotaur Fighter began the quest for the Orb.
     0 | D:1      | Reached XP level 1. HP: 19/19 MP: 0/0
   243 | D:1      | Reached XP level 2. HP: 19/27 MP: 1/1
   520 | D:1      | Reached skill level 3 in Axes
   976 | D:2      | Reached XP level 3. HP: 32/33 MP: 2/2
  1012 | D:2      | Reached skill level 4 in Axes
  1379 | D:2      | Reached skill level 5 in Axes
  1379 | D:2      | Reached XP level 4. HP: 16/40 MP: 3/3
  2199 | D:3      | Gained mutation: You are partially covered in iridescent
                  | scales. (AC +2) [potion of mutation]
  2199 | D:3      | Gained mutation: Your mind is acute. (Int +2) [potion of
                  | mutation]
  2501 | D:3      | Reached skill level 6 in Axes
  2518 | D:3      | Reached XP level 5. HP: 46/46 MP: 4/4
  2894 | D:3      | Found a runed translucent gate.
  2895 | D:3      | Found a runed translucent gate.
  2895 | D:3      | Noticed robertstho's ghost (weakling OpFE)
  2896 | D:3      | Found a runed translucent gate.
  2970 | D:3      | HP: 2/46 [robertstho's ghost (3)]
  2971 | D:3      | Killed robertstho's ghost
  2971 | D:3      | Succumbed to robertstho's ghost's poison

Illustrated notes

Levels and vault maps discovered:
D:1:      zaba_arrival_water, layout_loops_ring
D:2:      layout_basic, skrybe_limestone_x, nrook_loot_triangle
D:3:      layout_basic, gammafunk_ghost_nasty_kobolds, st_stairs_1

Skill      XL: |  1  2  3  4 |
---------------+-------------+-----
Axes           | 3 5 6 |  6.1
Fighting       | |  3.9
Armour         | |  3.7
Shields        | |  3.7

Action                   |  1- 3 |  4- 6 || total
-------------------------+-------+-------++-------
Melee: War axe           |    83 |    39 ||   122
       Headbutt          |    11 |     7 ||    18
  Use: Scroll            |       |     5 ||     5
       Potion            |       |     5 ||     5
 Stab: Invisible         |       |     1 ||     1
Armor: Scale mail        |    43 |    19 ||    62
Dodge: Dodged            |    22 |    21 ||    43
Block: Kite shield       |    40 |    17 ||    57

Table legend: (Time is in decaauts)
 A = Elapsed time spent in this place.
 B = Non-inter-level travel time spent in this place.
 C = Inter-level travel time spent in this place.
 D = Time resting spent in this place.
 E = Time spent auto-exploring this place.
 F = Levels seen in this place.
 G = Mean time per level.
                   A        B        C        D        E       F      G
               +--------+--------+--------+--------+--------+-----+--------+
         Total |   3036 |   2927 |    109 |    384 |   2173 |   3 | 1012.0 |
       Dungeon |   3036 |   2927 |    109 |    384 |   2173 |   3 | 1012.0 |
               +--------+--------+--------+--------+--------+-----+--------+

Top non-repeatable levels by time:
     D:2: 1213 daAuts
     D:1: 960 daAuts
     D:3: 862 daAuts
